 Dungeon Crawl Stone Soup version 0.19-a0-713-g934ebc7 (webtiles) character file.

704 Gorice the Slasher (level 7, -2/55 HPs)
             Began as a Demonspawn Monk on June 20, 2016.
             Splashed by an orc's acid (8 damage)
             ... on level 4 of the Dungeon.
             The game lasted 00:19:52 (4727 turns).

Gorice the Slasher (Demonspawn Monk)                Turns: 4727, Time: 00:19:53

Health: -2/55      AC:  9    Str: 14    XL:     7   Next: 39%
Magic:  7/7        EV: 12    Int: 11    God:
Gold:   171        SH:  0    Dex: 19    Spells: 0 memorised, 6 levels left

rFire  . . .     SeeInvis .     a - +1 falchion
rCold  + . .     Gourm    .     d - +1 ring mail
rNeg   . . .     Faith    .     (no shield)
rPois  .         Spirit   .     (no helmet)
rElec  .         Dismiss  .     (no cloak)
rCorr  .         Reflect  .     (no gloves)
SustAt .         Harm     .     (no boots)
MR     .....                    (no amulet)
Stlth  +.........               k - +4 ring of dexterity
                                l - ring of protection from cold

@: not resistant to hostile enchantments, very unstealthy
A: hooves 2, slimy green scales 2
a: no special abilities


You were on level 4 of the Dungeon.
You were hungry.

You visited 1 branch of the dungeon, and saw 5 of its levels.

You collected 171 gold pieces.

Inventory:

Hand Weapons
 a - a +1 falchion (weapon)
 s - a cursed +0 blowgun
Missiles
 e - 32 bolts
 n - 60 poisoned needles
 Z - 113 stones (quivered)
Armour
 d - a +1 ring mail (worn)
 f - a +0 shield
 x - a +0 chain mail
Jewellery
 k - a +4 ring of dexterity (right hand)
 l - a ring of protection from cold (left hand)
 o - an uncursed ring of sustain attributes
Scrolls
 g - 2 scrolls of teleportation {!r}
 q - 2 scrolls of remove curse
 r - a scroll of fog
Potions
 b - a potion of berserk rage {unknown}
 j - a potion of brilliance {!q}
 m - a potion of haste {unknown}
 p - a potion of mutation {unknown}
Comestibles
 c - a bread ration {!e}
 i - 2 beef jerkies
 t - a slice of pizza
 w - a meat ration {!e}


   Skills:
 + Level 4.8 Fighting
 * Level 7.2 Long Blades
 - Level 2.6 Dodging
 - Level 1.7 Stealth


You had 6 spell levels left.
You didn't know any spells.

Dungeon Overview and Level Annotations

Branches:
Dungeon (5/15)
 Temple: D:4-7

Altars:
Elyvilon
Kikubaaqudgha
Sif Muna
Uskayaw

Annotations:
D:3 tstbtto's ghost, weakling DDFi
D:5 Dowan; Duvessa


Innate Abilities, Weirdness & Mutations

You have hoof-like feet.
You are mostly covered in slimy green scales. (AC +3)


Message History

The gnoll barely misses you.
You hit the gnoll but do no damage.
The gnoll is heavily wounded.
The gnoll closely misses you.
You hit the gnoll.
The gnoll is almost dead.
The gnoll hits you.
Damage: 5 (max 7)
You slash the gnoll!
You kill the gnoll!
You slash the giant frog skeleton! You kick the giant frog skeleton.
The giant frog skeleton hits you.
Damage: 4 (max 7)
You slash the giant frog skeleton! You kick the giant frog skeleton.
The giant frog skeleton closely misses you.
You slash the giant frog skeleton!
You destroy the giant frog skeleton!
Things that are here:
a giant club; a gnoll corpse; a hound corpse The ogre shouts!
Things that are here:
a giant club; a gnoll corpse; a hound corpse You slash the giant frog skeleton!
The giant frog skeleton hits you.
The giant frog skeleton hits you but does no damage.
Damage: 2 (max 2)
You hit the giant frog skeleton.
Your kick misses the giant frog skeleton.
The giant frog skeleton hits you but does no damage.
You hit the giant frog skeleton. You kick the giant frog skeleton.
The giant frog skeleton closely misses you.
You slash the giant frog skeleton!
You kick the giant frog skeleton, but do no damage.
The giant frog skeleton hits you but does no damage.
You slash the giant frog skeleton!
You destroy the giant frog skeleton!
You barely miss the ogre. Your kick misses the ogre.
The ogre hits you with a giant club!
* * * LOW HITPOINT WARNING * * *
Damage: 12 (max 12)
You are feeling hungry.
An ooze comes into view.
The ooze quivers.
The ooze hits you.
* * * LOW HITPOINT WARNING * * *
Damage: 3 (max 3)
The orc throws a stone.
The stone hits you but does no damage.
The orc zaps a wand.
The bolt of acid hits you!
* * * LOW HITPOINT WARNING * * *
The acid burns!
You die...

#### ###########... ..
#.....@o).#.# .#
#.#....###..# ##'###
#######.#.OJ##⌠#..# #....#
#.......#..##.....######....#
#.........##..⌠#..(.........#
#........##...##OZ###g.%.....
#####..>.#⌠..##..............
##...#.>.#....(..........
#...#⌠.O##.....h........


You could see an ogre, an ooze and an orc.

Vanquished Creatures
  Sigmund (D:3)
  An ogre (D:4)
  A scorpion (D:4)
  A hound (D:4)
  An orc priest (D:3)
  2 giant frog skeletons (D:4)
  An orc wizard (D:4)
  Jessica (D:3)
  Terence (D:3)
  A hound zombie (D:4)
  2 gnolls (D:4)
  7 adders
  2 oozes
  An adder skeleton (D:4)
  5 worms (D:2)
  3 dart slugs
  3 giant geckos
  9 orcs
  3 giant cockroaches (D:2)
  6 goblins
  9 hobgoblins
  2 jackals (D:2)
  5 bats
  3 giant newts
  10 kobolds
  11 rats
92 creatures vanquished.

Notes
Turn   | Place    | Note
--------------------------------------------------------------
     0 | D:1      | Gorice the Demonspawn Monk began the quest for the Orb.
     0 | D:1      | Reached XP level 1. HP: 18/18 MP: 1/1
   160 | D:1      | Reached skill level 3 in Long Blades
   219 | D:1      | Gained mutation: You have large cloven feet. [demonic ancestry]
   219 | D:1      | Reached XP level 2. HP: 23/24 MP: 2/2
   911 | D:2      | Reached XP level 3. HP: 20/29 MP: 3/3
  1358 | D:2      | Reached skill level 4 in Long Blades
  1418 | D:2      | Found a white marble altar of Elyvilon.
  1475 | D:2      | HP: 7/29 [worm (8)]
  1799 | D:2      | Reached XP level 4. HP: 20/35 MP: 4/4
  2572 | D:3      | Noticed Jessica
  2600 | D:3      | Noticed tstbtto's ghost (weakling DDFi)
  2605 | D:2      | Reached skill level 5 in Long Blades
  2832 | D:3      | Found a hide-covered altar of Uskayaw.
  2832 | D:3      | Found a deep blue altar of Sif Muna.
  2857 | D:3      | Killed Jessica
  2857 | D:3      | Gained mutation: You are partially covered in slimy green scales. (AC +2) [demonic ancestry]
  2857 | D:3      | Reached XP level 5. HP: 41/41 MP: 5/5
  3097 | D:3      | Noticed Terence
  3175 | D:3      | Noticed Sigmund
  3244 | D:4      | Noticed an ogre
  3403 | D:3      | HP: 7/41 [tstbtto's ghost (8)]
  3408 | D:3      | HP: 9/41 [tstbtto's ghost (5)]
  3679 | D:3      | Killed Terence
  3802 | D:3      | HP: 11/41 [something (2)]
  3816 | D:3      | Killed Sigmund
  3816 | D:3      | Reached skill level 6 in Long Blades
  3816 | D:3      | Gained mutation: You are mostly covered in slimy green scales. (AC +3) [demonic ancestry]
  3816 | D:3      | Reached XP level 6. HP: 17/48 MP: 6/6
  4054 | D:3      | Reached skill level 4 in Fighting
  4061 | D:3      | Found an ancient bone altar of Kikubaaqudgha.
  4368 | D:4      | HP: 11/48 [ogre/giant club (6)]
  4379 | D:4      | HP: 14/48 [ogre/giant club (6)]
  4381 | D:5      | Entered Level 5 of the Dungeon
  4381 | D:5      | Noticed Duvessa
  4381 | D:5      | Noticed Dowan
  4643 | D:4      | Gained mutation: You have hoof-like feet. [demonic ancestry]
  4643 | D:4      | Reached XP level 7. HP: 46/54 MP: 7/7
  4663 | D:4      | Reached skill level 7 in Long Blades
  4727 | D:4      | HP: 6/55 [orc/wand of acid (18)]
  4727 | D:4      | Splashed by an orc's acid

Vault maps used:
D:1:      dpeg_arrival_ternary
D:2:      elyvilon_altar_1, grunt_ministairs_8
D:3:      lemuel_coloured_pillars_altar, nicolae_overflow_hidden_temple,
          gammafunk_temple_overflow_wave, corexii_hall_statues_t,
          minmay_close_crescents, uniq_sigmund, uniq_terence, uniq_jessica
D:4:      grunt_ministairs_8
D:5:      kennysheep_spiral_hall, grunt_qazlal_sundering,
          minmay_temple_entry_glass, first_bread, feat_on_display,
          uniq_menkaure, uniq_duvessa

Skill      XL: |  1  2  3  4  5  6  7 |
---------------+----------------------+-----
Long Blades    | 3 4 5 6 7 |  7.2
Fighting       | 4 |  4.8
Dodging        | |  2.6
Stealth        | |  1.7

Action                   |  1- 3 |  4- 6 |  7- 9 || total
-------------------------+-------+-------+-------++-------
Melee: Falchion          |   117 |   260 |    34 ||   411
       Kick              |    30 |    87 |    17 ||   134
Throw: Stone             |    13 |     6 |       ||    19
  Use: Scroll            |     5 |     7 |       ||    12
       Potion            |       |     3 |       ||     3
 Stab: Sleeping          |     2 |     3 |       ||     5
  Eat: Chunk             |     3 |     9 |       ||    12
Armor: Ring mail         |    41 |   104 |     6 ||   151
Dodge: Dodged            |    61 |   154 |    14 ||   229

Table legend:
 A = Turns spent in this place as a percentage of turns spent in the entire game.
 B = Non-inter-level travel turns spent in this place as a percentage of non-inter-level travel turns spent in the entire game.
 C = Inter-level travel turns spent in this place as a percentage of turns spent in this place.
 D = Turns resting spent in this place as a percentage of non-inter-level travel turns spent in this place.
 E = Turns spent auto-exploring this place as a percentage of non-inter-level travel turns spent in this place.
 F = Non-inter-level travel turns spent in this place divided by the number of levels of this place that you've seen.
                   A       B       C       D       E      F
               +-------+-------+-------+-------+-------+----------------------
         Total | 100.0 | 100.0 |   0.6 |   1.6 |   4.4 | 344.0
       Dungeon | 100.0 | 100.0 |   0.6 |   1.6 |   4.4 | 344.0
               +-------+-------+-------+-------+-------+----------------------

Vault maps used:
D:1:      dpeg_arrival_ternary
D:2:      elyvilon_altar_1, grunt_ministairs_8
D:3:      lemuel_coloured_pillars_altar, nicolae_overflow_hidden_temple,
          gammafunk_temple_overflow_wave, corexii_hall_statues_t,
          minmay_close_crescents, uniq_sigmund, uniq_terence, uniq_jessica
D:4:      grunt_ministairs_8
D:5:      kennysheep_spiral_hall, grunt_qazlal_sundering,
          minmay_temple_entry_glass, first_bread, feat_on_display,
          uniq_menkaure, uniq_duvessa
